General information
- name: nE.CorNoX P:| L:17
- type: Custom game
- host: nE.CorNoX
- saver: Padash
map: EchoIsles
- players: 5
- length: 21:23
- speed: Fast
- version: 1.26 W3XP
- replay type: Public
» download(169 KB)
Players
team 1 (winner)
nE.CorNoX (
purple | 224 APM | 4798 actions | 21:23)
4 Demon Hunter
2 Mana Burn
2 Evasion
3 Naga Sea Witch
1 Frost Arrows
2 Forked Lightning
» actions
| Assign group hotkey | 42 | |
| Basic commands | 306 | |
| Build / train | 93 | |
| ESC pressed | 1 | |
| Enter build submenu | 21 | |
| Enter hero's abilities submenu | 7 | |
| Give item / drop item | 4 | |
| Remove unit from queue | 1 | |
| Right click | 1586 | |
| Select / deselect | 516 | |
| Select group hotkey | 2090 | |
| Use ability | 131 | |
4798 total
» units
| Wisp | 22 | |
| Archer | 26 | |
| Forest Troll Berserker | 8 | |
| Forest Troll Shadow Priest | 6 | |
| Glaive Thrower | 1 | |
| Mud Golem | 3 | |
66 total
» upgrades
| Improved Bows | 1 | |
| Vorpal Blades | 1 | |
| Strength of the Moon | 1 | |
| Nature's Blessing | 1 | |
4 total
» buildings
| Altar of Elders | 2 | |
| Moon Well | 5 | |
| Ancient of War | 9 | |
| Tree of Ages | 1 | |
| Ancient of Wonders | 3 | |
| Hunter's Hall | 1 | |
| Ancient of Lore | 1 | |
22 total
» build order
00:02 Altar of Elders
00:06 Altar of Elders
00:16 Moon Well
00:25 Ancient of War
01:39 Moon Well
02:53 Ancient of War
04:10 Tree of Ages
05:03 Ancient of War
05:04 Ancient of War
05:36 Moon Well
07:08 Ancient of Wonders
07:13 Ancient of Wonders
09:50 Moon Well
10:20 Hunter's Hall
13:15 Moon Well
13:34 Ancient of Lore
15:23 Ancient of War
15:23 Ancient of War
15:26 Ancient of War
15:43 Ancient of War
15:45 Ancient of War
19:39 Ancient of Wonders
» items
| Boots of Speed | 2 | |
| Potion of Healing | 4 | |
| Moonstone | 2 | |
| Staff of Preservation | 1 | |
| Scroll of Healing | 1 | |
| Potion of Lesser Invulnerability | 1 | |
11 total
team 2 (loser)
Padash (
blue | 207 APM | 4431 actions | 21:23)
4 Demon Hunter
2 Mana Burn
2 Evasion
4 Goblin Tinker
2 Pocket Factory
2 Engineering Upgrade
» actions
| Assign group hotkey | 139 | |
| Basic commands | 149 | |
| Build / train | 103 | |
| ESC pressed | 30 | |
| Enter build submenu | 25 | |
| Enter hero's abilities submenu | 8 | |
| Give item / drop item | 3 | |
| Right click | 1664 | |
| Select / deselect | 743 | |
| Select group hotkey | 1362 | |
| Use ability | 205 | |
4431 total
» units
| Wisp | 49 | |
| Forest Troll Shadow Priest | 4 | |
| Dryad | 3 | |
| Mud Golem | 4 | |
| Ogre Mauler | 6 | |
| Forest Troll Berserker | 3 | |
69 total
» upgrades
» buildings
| Altar of Elders | 2 | |
| Moon Well | 6 | |
| Ancient of War | 2 | |
| Tree of Ages | 2 | |
| Hunter's Hall | 1 | |
| Ancient of Lore | 2 | |
| Ancient of Wonders | 1 | |
| Ancient Protector | 5 | |
21 total
» build order
00:05 Altar of Elders
00:13 Moon Well
00:41 Ancient of War
00:43 Ancient of War
02:36 Tree of Ages
02:36 Tree of Ages
02:55 Hunter's Hall
03:18 Moon Well
05:00 Ancient of Lore
05:01 Ancient of Lore
05:12 Moon Well
05:35 Ancient of Wonders
06:35 Ancient Protector
08:04 Ancient Protector
08:29 Ancient Protector
09:02 Ancient Protector
10:10 Moon Well
11:01 Moon Well
13:10 Altar of Elders
14:51 Moon Well
18:15 Ancient Protector
» items
| Boots of Speed | 1 | |
| Dust of Appearance | 1 | |
| Potion of Healing | 7 | |
| Lesser Clarity Potion | 4 | |
| Staff of Preservation | 2 | |
| Scroll of Healing | 4 | |
| Potion of Lesser Invulnerability | 1 | |
20 total
observersnE.KurCo,
IdoOme,
nE_Passion Chat log
(00:22 / All) Padash: gl hf
(00:31 / All) nE.CorNoX: gg
(21:23 / All) nE.CorNoX: GG